 Dungeon Sprint DCSS version bcrawl-1.27.1d (webtiles) character file.

Game seed: 13357803555682299842

0 Freyura the Purveyor of Pain (level 1, -6/13 HPs)
             Began as a Mummy Necromancer on July 17, 2020.
             Was an Initiate of Kikubaaqudgha.
             Mangled by a two-headed ogre
             ... wielding a +0 giant spiked club
              (19 damage)
             ... in the Dungeon (Sprint V: "Ziggurat Sprint").
             The game lasted 00:01:52 (67 turns).

Freyura the Purveyor of Pain (Mummy Necromancer)      Turns: 67, Time: 00:01:52

Health: -6/13      AC:  2    Str: 23    XL:     1   Next: 0%
Magic:  3/4        EV: 12    Int: 38    God:    Kikubaaqudgha [......]
Gold:   0          SH:  0    Dex: 18    Spells: 3/5 levels left

rFire    x . .     SeeInvis .   t - +6 Majin-Bo {vamp, *Drain Str+12 Int+24}
rCold    + + .     Gourm    .   (shield currently unavailable)
rNeg     + + +     Faith    .   b - +0 robe
rPois    ∞         Spirit   .   (no helmet)
rElec    +         Reflect  .   (no cloak)
rCorr    .         Harm     .   (no gloves)
MR       .....     Clarity  +   (no boots) Stlth +.........NoTele +
                                (no amulet)
HPRegen  0.04/turn              i - ring of Rydyan {+Fly rElec rC+ Stlth-}
MPRegen  0.09/turn              j - +6 ring of dexterity

@: no status effects
A: no food or potions, fire vulnerability, clarity, cold resistance 1, negative
energy resistance 3, torment resistance, unbreathing
a: Renounce Religion, Evoke Flight


You were in the Dungeon.
You worshipped Kikubaaqudgha.
Kikubaaqudgha was noncommittal.
You were not hungry.

You visited 1 branch

Inventory:

Hand Weapons
 t - the +6 Majin-Bo (weapon) {vamp, *Drain Str+12 Int+24}
   (You found it in the Dungeon)

   It inflicts no extra harm, but heals its wielder when it wounds a living foe.
   It affects your strength (+12).
   It affects your intelligence (+24).
   It causes draining when unequipped.
Armour
 b - a +0 robe (worn)
Jewellery
 i - the ring of Rydyan (left hand) {+Fly rElec rC+ Stlth-}
   (You found it in the Dungeon)

   [ring of flight]

   It protects you from cold.
   It insulates you from electricity.
   It lets you fly.
   It makes you less stealthy.
 j - a +6 ring of dexterity (right hand)
 k - a +6 ring of dexterity
 l - a +6 ring of intelligence
 m - a +6 ring of intelligence
 n - a +6 ring of strength
 o - a +6 ring of strength
Wands
 q - a wand of disintegration (7)
 r - a wand of iceblast (7)
 s - a wand of acid (7)
Scrolls
 c - 4 scrolls of amnesia
 d - 4 scrolls of blinking
 e - 7 scrolls of fog
 f - 5 scrolls of identify
 g - 5 scrolls of remove curse
 h - 2 scrolls of fear
Miscellaneous
 p - a lightning rod (4/4)


   Skills:
 + Level 1.5 Dodging
 + Level 2.1 Stealth
 + Level 2.6 Spellcasting
 + Level 4.0 Necromancy


You had 3 spell levels left.
You knew the following spells:

 Your Spells              Type           Power        Failure   Level  Hunger
a - Animate Skeleton      Necr           N/A          1%          1    N/A
b - Pain                  Necr           #####.       1%          1    N/A

Your spell library contained the following spells:

 Spells                   Type           Power        Failure   Level  Hunger
 Vampiric Draining        Necr           #####.....   2%          3    N/A
 Animate Dead             Necr           N/A          9%          4    N/A
 Bolt of Draining         Conj/Necr      ###.......   45%         5    N/A
 Regeneration             Chrm/Necr      Unusable     N/A         3    N/A

Dungeon Overview and Level Annotations

Branches:
Dungeon (1/1)

Altars:
Ashenzari
Cheibriados
Dithmenos
Elyvilon
Fedhas
Gozag
Hepliaklqana
Kikubaaqudgha
Lugonu
Makhleb
Nemelex Xobeh
Okawaru
Qazlal
Ru
Sif Muna
Trog
Uskayaw
Vehumet
Wu Jian
Xom
Yredelemnul
Zin
The Shining One
Beogh
Jiyva

Annotations:
D 1 transporter


Innate Abilities, Weirdness & Mutations

You do not eat or drink.
Your flesh is vulnerable to fire.
You are immune to poison.
You possess an exceptional clarity of mind.
Your flesh is cold resistant. (rC+)
You are immune to negative energy. (rN+++)
You are immune to unholy pain and torment.
You can survive without breathing.


Message History

You kneel at the altar of Kikubaaqudgha.
Kikubaaqudgha welcomes you!
Okay, then.
There is a transporter here.
Welcome to arena 1.
You enter the transporter and appear at another place.
An ogre and a two-headed ogre come into view.
You have encountered a dangerous foe!
Cast which spell? (? or * to list)
Aiming: Pain (safe; 1% risk of failure)
Press: ? - help, Shift-Dir - straight line, f - two-headed ogre
Aim: a two-headed ogre, wielding a +0 giant spiked club and a +0 giant club (chance to defeat MR: 80%)
The two-headed ogre writhes in agony.
You sock the two-headed ogre!
You feel better.
The two-headed ogre is moderately wounded.
The two-headed ogre barely misses you.
The two-headed ogre hits you with a +0 giant club!!
Ouch! That really hurt!
You die...
Kikubaaqudgha rasps: "You have failed me!
Welcome... oblivion!"

▓▓▓▓▓▓▓
▓.8©8.▓
▓.....▓
▓.?.[.▓
▓.....▓
▓.OO..▓
▓..@..▓
▓▓▓▓▓▓▓


You could see a two-headed ogre and an ogre.

Vanquished Creatures (others)
  A spatial maelstrom (D)
  Prince Ribbit (D)
  Blork the orc (D)
3 creatures vanquished.

Notes
Turn   | Place    | Note
-------+----------+-------------------------------------------
     0 | D        | Freyura the Mummy Necromancer began the quest for the Orb.
     0 | D        | Reached XP level 1. HP: 13/13 MP: 4/4
     0 | D        | Found a shimmering blue altar of Sif Muna.
     0 | D        | Found a bloodstained altar of Trog.
     0 | D        | Found a sacrificial altar of Ru.
     0 | D        | Found a stormy altar of Qazlal.
     0 | D        | Found an iron altar of Okawaru.
     1 | D        | Found a sparkling altar of Nemelex Xobeh.
     1 | D        | Found a blossoming altar of Fedhas.
     2 | D        | Found the +6 Majin-Bo {vamp, *Drain Str+12 Int+24}
     2 | D        | Found the +7 great mace "Firestarter" {inner flame, rF++}
     2 | D        | Found a transporter.
     2 | D        | Found an ancient bone altar of Kikubaaqudgha.
     2 | D        | Found a viscous altar of Jiyva.
     2 | D        | Found a corrupted altar of Lugonu.
     2 | D        | Found a hazy altar of Hepliaklqana.
     2 | D        | Found a burning altar of Makhleb.
     2 | D        | Found an opulent altar of Gozag.
     5 | D        | Killed Blork the orc
     8 | D        | Got the ring of Rydyan {+Fly rElec rC+ Stlth-}
    15 | D        | Killed Prince Ribbit
    22 | D        | Found the +9 heavy crossbow "Sniper" {velocity, Acc+∞ SInv}
    22 | D        | Found the +10 dark maul {crush}
    22 | D        | Found the +15 Maxwell's patent armour {-Cast -Tele rElec
                  | MR+ rCorr}
    22 | D        | Found the +18 shield of the Gong {rElec rN+ MR+ EV-5}
    22 | D        | Found the cursed +14 obsidian axe {chop, +Fly SInv *Curse}
    29 | D        | Banished a spatial maelstrom
    58 | D        | Became a worshipper of Kikubaaqudgha
    65 | D        | Entered arena 2.
    65 | D        | Noticed a two-headed ogre
    65 | D        | Noticed an ogre
    65 | D        | Found a transporter.
    67 | D        | Mangled by a two-headed ogre

Action                   || total
-------------------------++-------
Melee: Quarterstaff      ||     1
 Cast: Pain              ||     1
Dodge: Dodged            ||     1
